 Dungeon Crawl Stone Soup version 0.23.0-3-gf3c87f2 (webtiles) character file.

Game seed: 12220084007495301005

22635 Lanoc the Basher (level 12, -5/115 HPs)
             Began as a Troll Chaos Knight on Feb 22, 2019.
             Was a Plaything of Xom.
             Slain by a skeletal warrior
             ... wielding a +0 battleaxe
             ... led by a death knight
              (16 damage)
             ... on level 14 of the Dungeon.
             The game lasted 00:39:50 (11364 turns).

Lanoc the Basher (Troll Chaos Knight)              Turns: 11364, Time: 00:39:52

Health: -5/115     AC: 10    Str: 26    XL:     12   Next: 64%
Magic:  11/11      EV: 15    Int: 10    God:    Xom [..*...]
Gold:   905        SH:  0    Dex: 13    Spells: 11/11 levels left

rFire    . . .     SeeInvis .   y - +8 whip "Goblinbane" {freeze, *Drain rN+ Str+5 Int+4}
rCold    . . .     Gourm    +   (no shield)
rNeg     + . .     Faith    .   b - +2 robe
rPois    .         Spirit   .   (helmet restricted)
rElec    .         Reflect  .   J - +0 cloak
rCorr    .         Harm     .   (gloves unavailable)
MR       +....                  (boots unavailable)
Stlth    +.........             B - amulet of magic regeneration
HPRegen  0.69/turn              t - ring of protection from magic
MPRegen  0.37/turn              f - ring of wizardry

@: berserk cooldown, very slightly contaminated, slowed, very slow
A: large, unfitting armour, claws 3, molten scales 1, deformed body,
deterioration 1, dopey 1, fast metabolism 3, frail 1, gourmand, regeneration 1,
shaggy fur 1, tough skin 3, weak 1
a: Renounce Religion


You were on level 14 of the Dungeon.
You worshipped Xom.
You were a toy of Xom.
You were very hungry.

You visited 2 branches of the dungeon, and saw 15 of its levels.
You also visited: Sewer.

You collected 1100 gold pieces.
You spent 195 gold pieces at shops.

Inventory:

Hand Weapons
 a - a +0 mace of chaos
 y - the +8 whip "Goblinbane" (weapon) {freeze, *Drain rN+ Str+5 Int+4}
   (You found it on level 6 of the Dungeon)

   It has been specially enchanted to freeze those struck by it, causing extra
   injury to most foes and up to half again as much damage against particularly
   susceptible opponents.
   It can also slow down cold-blooded creatures.
   It affects your strength (+5).
   It affects your intelligence (+4).
   It protects you from negative energy.
   It causes draining when unequipped.
 K - a +0 blowgun
Missiles
 n - 7 poisoned javelins (quivered)
 G - 4 large rocks
 L - 9 curare-tipped needles
 M - 33 poisoned needles
 N - 5 javelins of returning
Armour
 b - a +2 robe (worn)
 J - a +0 cloak (worn)
Jewellery
 f - a ring of wizardry (right claw)
 t - a ring of protection from magic (left claw)
 B - an amulet of magic regeneration (around neck)
Wands
 A - a wand of flame (51)
 F - a wand of polymorph (16)
 I - a wand of digging (8)
Scrolls
 d - a scroll of random uselessness {unknown}
 e - a scroll of immolation
 h - 2 scrolls of amnesia
 i - a scroll of teleportation
 j - 7 scrolls of remove curse
 k - 2 scrolls of fear {unknown}
 p - 3 scrolls of magic mapping {unknown}
 w - 2 scrolls of noise {unknown}
 x - 2 scrolls of fog {unknown}
 D - 2 scrolls of enchant armour
 E - a scroll of enchant weapon
 H - a scroll of silence
Potions
 g - 3 potions of might
 l - a potion of magic
 m - 2 potions of lignification
 q - 4 potions of mutation
 r - a potion of berserk rage
 s - 6 potions of flight
 u - 2 potions of agility
 v - 7 potions of curing
 C - 2 potions of haste
 O - 2 potions of ambrosia
Miscellaneous
 Q - a phantom mirror
Comestibles
 c - 33 rations


   Skills:
 + Level 10.6 Fighting
 - Level 12.0 Maces & Flails
 + Level 10.4 Dodging


You had 11 spell levels left.
You didn't know any spells.
Your spell library contained the following spells:

 Spells                   Type           Power        Failure   Level  Hunger
 Beastly Appendage        Tmut           #.....       16%         1    ##.....
 Confusing Touch          Hex            #.....       16%         1    ##.....
 Sticks to Snakes         Tmut           #.......     22%         2    ###....
 Confuse                  Hex            #.......     41%         3    ####...
 Gell's Gravitas          Tloc           #.........   41%         3    ####...
 Spider Form              Tmut/Pois      #.........   41%         3    ####...
 Static Discharge         Conj/Air       #.......     41%         3    ####...
 Ice Form                 Ice/Tmut       #.......     80%         4    #####..
 Petrify                  Tmut/Erth      #.......     80%         4    #####..
 Blade Hands              Tmut           #.........   98%         5    ######.
 Lightning Bolt           Conj/Air       #.........   98%         5    ######.
 Metabolic Englaciation   Hex/Ice        #.........   98%         5    ######.
 Yara's Violent Unravell  Hex/Tmut       #.........   98%         5    ######.
 Ignition                 Fire           #.........   100%        8    #######
 Shatter                  Erth           #.........   100%        9    #######
 Tornado                  Air            #.........   100%        9    #######


Dungeon Overview and Level Annotations

Branches:
Dungeon (14/15)            Temple (1/1) D:5            Lair (0/6) D:8
    Orc (0/2) D:10
 Vaults: D:13-14

Altars:
Ashenzari
Cheibriados
Dithmenos
Elyvilon
Fedhas
Gozag
Hepliaklqana
Kikubaaqudgha
Makhleb
Nemelex Xobeh
Okawaru
Qazlal
Ru
Sif Muna
Trog
Uskayaw
Vehumet
Wu Jian
Xom
Yredelemnul
Zin
The Shining One

Shops:
D:8 [(   D:9 !   D:12 *

Portals:
Trove: D:12 (give +5 demon trident)

Annotations:
D:12 trove +5 demon trident


Innate Abilities, Weirdness & Mutations

You are too large for most types of armour.
You have claws for hands.
Your metabolism is lightning-fast.
You like to eat raw meat.
Your natural rate of healing is unusually fast.
You are covered in fur. (AC +1)
You have extremely tough skin. (AC +3)
You are partially covered in molten scales. (AC +2)
Armour fits poorly on your strangely shaped body.
Your body sometimes deteriorates upon taking damage.
You are dopey. (Int -2)
You are frail. (-10% HP)
You are weak. (Str -2)


Message History

The freezing wraith freezes you!
* * * LOW HITPOINT WARNING * * *
The freezing wraith hits you.
* * * LOW HITPOINT WARNING * * *
A red film seems to cover your vision as you go berserk!
You feel yourself moving faster!
You feel mighty! The freezing wraith barely misses you.
The freezing wraith hits you.
* * * LOW HITPOINT WARNING * * *
The freezing wraith drains your vigour!
You feel yourself slow down.
You feel a strong urge to attack something.
You feel your anger nearly subside.
You are no longer berserk.
You are exhausted.
You feel as though you will be slow longer.
Blink to where?
Press: ? - help, Dir - move target cursor You are very lightly contaminated with residual magic.
As you read the scroll of blinking, it crumbles to dust.
The skeletal warrior hits you with a +0 battleaxe!
You die...
Xom cackles wildly!

### #.. #.# #.# #.#
#.# #@# #z# ######W# #
#...##W#####.#
.......#...##.......#.
../....#...###........
.......#...###....####
.......#...W).....#
...zW..#...###....#


You could see a skeletal warrior and 2 freezing wraiths.

Vanquished Creatures
  Kirke (D:12)
  Azrael (D:13)
  A catoblepas (D:13)
  A death knight (D:14)
  2 two-headed ogres
  Urug (D:12)
  A deep elf mage (D:12)
  A cyclops (D:11)
  Maurice (D:12)
  An elephant (D:8)
  A black mamba (D:9)
  A gargoyle (D:12)
  A rime drake (shapeshifter) (D:14)
  A kobold demonologist (D:13)
  A troll (D:13)
  A hornet (D:11)
  2 hippogriffs
  2 shadows
  A wyvern (D:9)
  29 yaks
  3 hungry ghosts
  3 hogs (D:12)
  3 vampire mosquitoes (D:13)
  3 fire elementals (D:13)
  A steam dragon (D:11)
  3 basilisks
  2 wargs (D:10)
  Menkaure (D:6)
  A soldier ant (D:11)
  A hell hound (D:13)
  5 orc warriors
  4 sky beasts
  A black bear (D:6)
  2 ice beasts
  A necrophage (D:6)
  A phantom (D:13)
  7 centaurs
  3 ogres
  A crocodile (D:11)
  4 big kobolds
  3 bullfrogs
  A water moccasin skeleton (D:4)
  7 scorpions
  16 killer bees
  9 wights
  6 crimson imps
  A bullfrog zombie (D:12)
  2 centaur zombies
  6 hounds
  2 centaur skeletons
  7 orc priests
  6 jellies
  3 iguanas
  13 orc wizards
  7 worker ants
  4 hound skeletons
  2 worker ant zombies (D:5)
  A howler monkey zombie (D:10)
  4 gnolls
  8 river rats (Sewer)
  19 adders
  2 shadow imps
  2 oozes
  2 adder zombies
  3 adder skeletons
  4 worms
  2 dart slugs
  10 leopard geckos
  48 orcs
  2 ball pythons
  9 giant cockroaches
  5 goblins
  5 hobgoblins
  3 jackals (D:3)
  4 quokkas
  7 bats
  4 frilled lizards
  A goblin skeleton (D:8)
  A goblin zombie (D:8)
  5 hobgoblin zombies (D:8)
  33 kobolds
  2 kobold zombies (D:8)
  2 leopard gecko skeletons
  A leopard gecko zombie (D:6)
  22 rats
407 creatures vanquished.

Vanquished Creatures (collateral kills)
  A centaur zombie (D:13)
  An orc wizard (D:9)
  An orc (D:9)
3 creatures vanquished.

Vanquished Creatures (others)
  A worker ant (D:4)
1 creature vanquished.

Grand Total: 411 creatures vanquished

Notes
Turn   | Place    | Note
-------+----------+-------------------------------------------
     0 | D:1      | Lanoc the Troll Chaos Knight began the quest for the Orb.
     0 | D:1      | Reached XP level 1. HP: 22/22 MP: 0/0
   125 | D:1      | Reached skill level 3 in Maces & Flails
   125 | D:1      | Reached XP level 2. HP: 28/29 MP: 1/1
   729 | D:1      | XOM: god gift: club {god gift}
   895 | D:2      | XOM: harmless Tmut miscast
   921 | D:2      | Reached XP level 3. HP: 36/36 MP: 2/2
   976 | D:2      | Found a white marble altar of Elyvilon.
   979 | D:2      | XOM: potion effect (invisibility)
  1035 | D:2      | XOM: silly message
  1164 | D:2      | Reached XP level 4. HP: 44/44 MP: 3/3
  1367 | D:2      | XOM: divination: detect creatures
  1397 | D:2      | Noticed an ogre
  1402 | D:2      | Killed an ogre
  1402 | D:2      | Reached skill level 4 in Maces & Flails
  1402 | D:2      | Reached XP level 5. HP: 30/53 MP: 4/4
  1489 | D:3      | Found a hazy altar of Hepliaklqana.
  1544 | D:3      | XOM: cast spell 'Leda's Liquefaction'
  1545 | D:3      | XOM: cast spell 'Summon Butterflies'
  1547 | D:3      | XOM: confuse monster(s)
  1634 | D:3      | XOM: harmless Necr miscast
  1670 | D:3      | Reached XP level 6. HP: 54/61 MP: 5/5
  1752 | D:3      | XOM: harmless Conj miscast
  1787 | D:3      | XOM: confuse monster(s)
  1794 | D:3      | Reached skill level 5 in Maces & Flails
  1799 | D:3      | HP: 3/61 [orc/+0 flail (7)]
  2021 | D:3      | XOM: scenery: create altars
  2125 | D:3      | XOM: cloud trail
  2552 | D:4      | XOM: divination: magic mapping
  2589 | D:4      | XOM: divination: magic mapping
  2595 | D:4      | XOM: harmless Tloc miscast
  2686 | D:4      | Reached XP level 7. HP: 63/68 MP: 6/6
  2914 | D:5      | Entered Level 5 of the Dungeon
  2924 | D:5      | Found a glowing drain.
  2961 | D:5      | Reached skill level 6 in Maces & Flails
  3004 | Sewer    | XOM: noise
  3004 | Sewer    | Entered a sewer
  3022 | Sewer    | XOM: potion effect (berserk rage)
  3032 | Sewer    | XOM: silly message
  3033 | Sewer    | XOM: confuse monster(s)
  3290 | Sewer    | Got a scorched flail
  3291 | Sewer    | Identified the cursed +1 flail "Iklimm" {crush, Str+4} (You
                  | found it in a sewer)
  3392 | Sewer    | XOM: harmless Chrm miscast
  3406 | Sewer    | XOM: harmless Fire miscast
  3708 | D:5      | XOM: mild Tmut miscast
  3763 | D:5      | Found a staircase to the Ecumenical Temple.
  3772 | Temple   | Entered the Ecumenical Temple
  3861 | D:5      | XOM: severe Pois miscast
  3874 | D:5      | Reached XP level 8. HP: 36/79 MP: 7/7
  4053 | D:5      | Found an ornate altar of the Wu Jian Council.
  4064 | D:5      | XOM: summons 4 hostile demons
  4156 | D:5      | XOM: divination: detect creatures
  4271 | D:5      | XOM: divination: magic mapping
  4446 | D:6      | Reached skill level 7 in Maces & Flails
  4460 | D:6      | XOM: harmless Pois miscast
  4493 | D:6      | Got a pitted whip
  4496 | D:6      | Identified the +8 whip "Goblinbane" {freeze, *Drain rN+
                  | Str+5 Int+4} (You found it on level 6 of the Dungeon)
  4610 | D:6      | Reached skill level 5 in Fighting
  4618 | D:6      | Found a sacrificial altar of Ru.
  4686 | D:6      | Noticed Menkaure
  4689 | D:6      | Killed Menkaure
  4689 | D:6      | Reached skill level 5 in Dodging
  4695 | D:6      | Reached skill level 8 in Maces & Flails
  4780 | D:6      | XOM: harmless Tloc miscast
  5070 | D:7      | XOM: potion effect (might)
  5072 | D:7      | Reached XP level 9. HP: 88/88 MP: 8/8
  5265 | D:7      | XOM: silly message
  5301 | D:7      | XOM: divination: detect items
  5364 | D:7      | Found a deep blue altar of Sif Muna.
  5529 | D:8      | Found a stormy altar of Qazlal.
  5625 | D:8      | XOM: summons friendly ynoxinul
  5639 | D:8      | Reached skill level 9 in Maces & Flails
  5689 | D:8      | XOM: summons friendly shadow imp
  5810 | D:8      | XOM: noise
  5854 | D:8      | Noticed an elephant
  5858 | D:8      | Found a staircase to the Lair.
  5859 | D:8      | XOM: enchant monster (good)
  5865 | D:8      | XOM: give mutations
  5865 | D:8      | Gained mutation: You are agile. (Dex +2) [Xom's mischief]
  5865 | D:8      | Gained mutation: You are dopey. (Int -2) [Xom's mischief]
  5865 | D:8      | Gained mutation: You are partially covered in molten
                  | scales. (AC +2) [Xom's mischief]
  5865 | D:8      | Gained mutation: You are frail. (-10% HP) [Xom's mischief]
  5866 | D:8      | XOM: noise
  5867 | D:8      | XOM: harmless Conj miscast
  5874 | D:8      | Killed an elephant
  5882 | D:8      | Reached XP level 10. HP: 41/90 MP: 9/9
  5949 | D:8      | Found Ycajur's Antique Weapon Boutique.
  5949 | D:8      | XOM: severe Summ miscast
  6028 | D:8      | Found a glowing golden altar of the Shining One.
  6210 | D:8      | Reached skill level 10 in Maces & Flails
  6212 | D:8      | Found Avedo's Antique Armour Shoppe.
  6335 | D:9      | XOM: noise
  6354 | D:9      | Noticed a +0 hand axe
  6357 | D:9      | Noticed a +0 hand axe
  6430 | D:9      | Noticed a black mamba
  6430 | D:9      | a yak changed into a black mamba
  6430 | D:9      | XOM: polymorph yak -> black mamba
  6433 | D:9      | Killed a black mamba
  6441 | D:9      | Found a hide-covered altar of Uskayaw.
  6507 | D:9      | XOM: summons 3 friendly demons
  6512 | D:9      | XOM: cleaving
  6518 | D:9      | XOM: 3-stop teleportation journey
  6602 | D:9      | Found Fafeng's Distillery.
  6610 | D:9      | Bought a potion of haste for 130 gold pieces
  6610 | D:9      | Bought a potion of heal wounds for 65 gold pieces
  6944 | D:9      | XOM: scenery: create altars
  6970 | D:10     | Entered Level 10 of the Dungeon
  6970 | D:10     | Found an ancient bone altar of Kikubaaqudgha.
  6973 | D:10     | Noticed a two-headed ogre
  6987 | D:10     | Killed a two-headed ogre
  7065 | D:10     | Reached skill level 11 in Maces & Flails
  7071 | D:10     | XOM: cast spell 'Statue Form'
  7075 | D:10     | XOM: confusion (+ monsters)
  7089 | D:10     | XOM: summons friendly shadow imp
  7113 | D:10     | Reached XP level 11. HP: 66/98 MP: 10/10
  7120 | D:10     | XOM: confusion (+ monsters)
  7131 | D:10     | XOM: summons friendly crimson imp
  7134 | D:10     | XOM: confuse monster(s)
  7150 | D:10     | XOM: enchant monster (bad)
  7154 | D:10     | XOM: enchant monster (good)
  7308 | D:10     | Found a staircase to the Orcish Mines.
  7370 | D:10     | XOM: potion effect (berserk rage)
  7510 | D:10     | XOM: enchant monster (good)
  7876 | D:10     | XOM: give mutation
  7876 | D:10     | Gained mutation: You are weak. (Str -2) [Xom's mischief]
  7957 | D:11     | XOM: blink monster(s)
  8122 | D:11     | XOM: give mutations
  8122 | D:11     | Lost mutation: You are agile. (Dex +2) [Xom's mischief]
  8122 | D:11     | Gained mutation: Your body sometimes deteriorates upon
                  | taking damage. [Xom's mischief]
  8122 | D:11     | Gained mutation: Armour fits poorly on your strangely
                  | shaped body. [Xom's mischief]
  8278 | D:11     | XOM: harmless Tloc miscast
  8309 | D:11     | XOM: enchant monster (bad)
  8321 | D:11     | Reached skill level 12 in Maces & Flails
  8520 | D:11     | XOM: 5-stop teleportation journey
  8523 | D:11     | Noticed a two-headed ogre
  8526 | D:11     | XOM: enchant monster (bad)
  8562 | D:11     | XOM: summons friendly shadow imp
  8577 | D:11     | XOM: potion effect (invisibility)
  8582 | D:11     | Killed a two-headed ogre
  8617 | D:11     | XOM: polymorph sky beast -> steam dragon
  9032 | D:11     | XOM: god gift: 19 sling bullets
  9245 | D:11     | XOM: harmless Tloc miscast
  9277 | D:12     | Noticed Maurice
  9280 | D:12     | XOM: divination: detect creatures
  9292 | D:12     | Killed Maurice
  9364 | D:12     | Noticed a deep elf mage
  9382 | D:12     | Killed a deep elf mage
  9494 | D:12     | Noticed Sonja
  9497 | D:12     | Noticed Sonja
  9497 | D:12     | Sonja changed into Sonja the basilisk
  9516 | D:12     | Killed Sonja the basilisk
  9575 | D:12     | Found Gorukhlo's General Store.
  9678 | D:12     | XOM: god gift: scroll of amnesia
  9734 | D:12     | XOM: noise
  9865 | D:12     | Noticed Urug
  9869 | D:12     | XOM: smoke on damage
  9884 | D:12     | Killed Urug
 10111 | D:12     | Noticed Kirke
 10113 | D:12     | Found a portal to a secret trove of treasure.
 10113 | D:12     | XOM: silly message
 10122 | D:12     | Killed Kirke
 10122 | D:12     | Reached XP level 12. HP: 47/111 MP: 11/11
 10407 | D:13     | Noticed Azrael
 10421 | D:13     | XOM: confuse monster(s)
 10431 | D:13     | XOM: confuse monster(s)
 10444 | D:13     | Killed Azrael
 10446 | D:13     | XOM: harmless Hex miscast
 10474 | D:13     | XOM: god gift: 28 stones
 10580 | D:13     | XOM: harmless Tloc miscast
 10675 | D:13     | XOM: cast spell 'Cause Fear'
 10692 | D:13     | Reached skill level 10 in Fighting
 10699 | D:13     | XOM: cast spell 'Necromutation'
 10729 | D:13     | XOM: harmless Conj miscast
 10730 | D:13     | Noticed a catoblepas
 10736 | D:13     | Reached skill level 10 in Dodging
 10739 | D:13     | XOM: summons 5 friendly demons
 10756 | D:13     | Killed a catoblepas
 11069 | D:13     | XOM is BORED!
 11069 | D:13     | XOM: noise
 11329 | D:14     | Noticed a death knight
 11350 | D:14     | Killed a death knight
 11364 | D:14     | Slain by a skeletal warrior

Skill      XL: |  1  2  3  4  5  6  7  8  9 10 11 12 |
---------------+-------------------------------------+-----
Dodging        | 2 3 4 5 6 7 9 10 | 10.4
Maces & Flails | 3 4 5 6 8 9 11 12 | 12.0
Fighting       | 3 4 5 6 7 9 10 | 10.6

Action                   |  1- 3 |  4- 6 |  7- 9 | 10-12 || total
-------------------------+-------+-------+-------+-------++-------
Melee: Mace              |   104 |   209 |   175 |       ||   488
       Flail             |       |       |   139 |       ||   139
       Whip              |       |       |   174 |   824 ||   998
Throw: Javelin           |       |       |       |     1 ||     1
Evoke: Wand              |       |       |       |     1 ||     1
  Use: Potion            |       |     3 |     2 |    11 ||    16
       Scroll            |       |       |     9 |    10 ||    19
 Stab: Invisible         |     2 |       |       |     4 ||     6
       Sleeping          |     1 |       |     1 |     4 ||     6
       Petrified         |       |     2 |     2 |       ||     4
       Paralysed         |       |       |     5 |       ||     5
       Confused          |       |       |     2 |     9 ||    11
       Distracted        |       |       |       |     2 ||     2
  Eat: Chunk             |    14 |    17 |    27 |    43 ||   101
       Ration            |       |       |     1 |     1 ||     2
Armor: Robe              |    52 |   126 |   202 |   140 ||   520
       Skin              |       |    10 |       |    11 ||    21
Dodge: Dodged            |    50 |   141 |   329 |   369 ||   889
